 Dungeon Crawl Stone Soup version 0.31-a0-321-g19405a7a6a (webtiles) character file.

Game seed: 9553122613842846515

10744 xSliceyx the Blocker (level 11, -1/98 HPs)
             Began as an Armataur Warper on July 17, 2023.
             Was a Priest of Okawaru.
             Slain by a death yak (10 damage)
             ... on level 9 of the Dungeon on July 18, 2023.
             The game lasted 01:12:07 (9372 turns).

xSliceyx the Blocker (Armataur Warper)              Turns: 9372, Time: 01:12:07

Health: -1/98      AC: 13    Str: 20    XL:     11   Next: 40%
Magic:  6/19       EV: 13    Int: 14    God:    Okawaru [***...]
Gold:   307        SH: 12    Dex: 18    Spells: 6/20 levels left

rFire   + + .        q - +4 mace of Destiny {venom, rElec rF+ SInv}
rCold   . . .        E - +0 kite shield "Xaorghen" {rF+}
rNeg    . . .        B - +2 ring mail of Happy Babbling {Dex+2}
rPois   +            v - +1 helmet
rElec   +            e - +0 cloak "Plog" {rPois Will+}
rCorr   .            R - +1 pair of gloves
SInv    +            (no barding)
Will    +....        l - amulet of regeneration
Stlth   +            j - +5 ring of evasion
HPRegen 1.16/turn    r - +6 ring of dexterity
MPRegen 0.16/turn

%: roll
@: on blink cooldown
A: large, rugged brown scales 3, deformed body, armoured tail, roll, long
tongue, awkward tongue
a: Renounce Religion, Heroism


You were on level 9 of the Dungeon.
You worshipped Okawaru.
Okawaru was most pleased with you.
You visited 2 branches of the dungeon, and saw 12 of its levels.

You collected 562 gold pieces.
You spent 255 gold pieces at shops.

Inventory:

Hand Weapons
 a - a +0 mace
 q - the +4 mace of Destiny (weapon) {venom, rElec rF+ SInv}
   (You found it on level 2 of the Dungeon)

   rF:        It protects you from fire.
   rElec:     It insulates you from electricity.
   SInv:      It lets you see invisible.
 y - a +2 flail of holy wrath
 J - a +4 quarterstaff of chaos
Missiles
 d - a boomerang of dispersal (quivered)
 n - 23 poisoned darts
 O - 2 boomerangs
Armour
 e - the +0 cloak "Plog" (worn) {rPois Will+}
   (You bought it in a shop on level 4 of the Dungeon)

   rPois:     It protects you from poison.
   Will:      It increases your willpower.
 v - a +1 helmet (worn)
 B - the +2 ring mail of Happy Babbling (worn) {Dex+2}
   (You found it on level 4 of the Dungeon)

   Dex:       It affects your dexterity (+2).
 E - the +0 kite shield "Xaorghen" (worn) {rF+}
   (You found it on level 5 of the Dungeon)

   rF:        It protects you from fire.
 Q - a +3 chain mail
 R - a +1 pair of gloves (worn)
Jewellery
 j - a +5 ring of evasion (left hand)
 l - an amulet of regeneration (around neck)
 r - a +6 ring of dexterity (right hand)
 K - a ring of positive energy
Wands
 t - a wand of flame (7)
 C - a wand of quicksilver (3)
 L - a wand of paralysis (5)
Scrolls
 b - 2 scrolls of brand weapon {unknown}
 c - a scroll of blinking
 g - 4 scrolls of revelation
 h - 5 scrolls of fear
 i - 2 scrolls of fog
 k - 2 scrolls of vulnerability {unknown}
 u - 5 scrolls of teleportation {unknown}
 x - 6 scrolls of enchant weapon {unknown}
 z - 3 scrolls of noise {unknown}
 A - 2 scrolls of immolation {unknown}
 G - 2 scrolls of poison {unknown}
 N - a scroll of amnesia {unknown}
Potions
 m - 2 potions of heal wounds
 o - 2 potions of ambrosia
 p - 2 potions of degeneration
 s - 2 potions of curing
 D - a potion of lignification {unknown}
 F - 4 potions of enlightenment
 H - 2 potions of mutation
 I - 3 potions of attraction
 M - a potion of haste {unknown}
 P - a potion of invisibility {unknown}


   Skills:
 - Level 7.0 Fighting
 - Level 9.0 Maces & Flails
 - Level 0.8 Throwing
 - Level 4.0 Armour
 - Level 1.3 Dodging
 - Level 9.0 Shields
 + Level 5.4 Spellcasting
 - Level 8.0 Translocations
 - Level 2.0 Air Magic
 - Level 3.0 Invocations


You had 6 spell levels left.
You knew the following spells:

 Your Spells              Type           Power      Damage    Failure   Level
a - Blink                 Tloc           52%        N/A       3%          2
b - Lesser Beckoning      Tloc           52%        N/A       3%          2
c - Vhi's Electric Charg  Tloc/Air       34%        N/A       21%         3
d - Teleport Other        Tloc           26%        N/A       6%          3
e - Manifold Assault      Tloc           26%        N/A       21%         4

Your spell library contained the following spells:

 Spells                   Type           Power      Damage    Failure   Level
 Portal Projectile        Hex/Tloc       28%        N/A       30%         3
 Kiss of Death            Conj/Necr      12%        2d6       47%         1
 Confusing Touch          Hex            3%         N/A       85%         3
 Dispel Undead            Necr           3%         3d7       99%         4
 Leda's Liquefaction      Hex/Erth       1%         N/A       99%         4
 Summon Small Mammal      Summ           Unusable   N/A       N/A         1
 Call Canine Familiar     Summ           Unusable   N/A       N/A         3
 Summon Guardian Golem    Hex/Summ       Unusable   N/A       N/A         3

Dungeon Overview and Level Annotations

Branches:
Dungeon (11/15)            Temple (1/1) D:7            Lair (0/5) D:9
    Orc (0/2) D:9

Altars:
Ashenzari
Cheibriados
Dithmenos
Elyvilon
Fedhas
Gozag
Hepliaklqana
Kikubaaqudgha
Makhleb
Nemelex Xobeh
Okawaru
Qazlal
Ru
Sif Muna
Trog
Uskayaw
Vehumet
Wu Jian
Xom
Yredelemnul
Zin
The Shining One

Shops:
D:4 [


Innate Abilities, Weirdness & Mutations

You are completely covered in rugged brown scales. (AC +3, +7% HP)
Armour fits poorly on your strangely shaped body.
You have a long armoured tail.
You roll when moving toward enemies. (Rampage)
Your long tongue fully drains potion bottles. (2x potion effects)
Your tongue gives you trouble enunciating. (1.5x scroll delay)


Message History

You hit the death yak but do no damage.
The death yak looks as sick as possible!
The death yak is heavily wounded.
The death yak gores you!
* * * LOW HITPOINT WARNING * * *
You hit the death yak.
The death yak looks as sick as possible!
The death yak is severely wounded.
The death yak closely misses you.
Casting: Manifold Assault (dangerous; 16% risk of failure)
Confirm with . or Enter, or press ? or * to list all spells.
You blink.
You feel like a meek peon again.
Casting: Blink (safe; 3% risk of failure)
Confirm with . or Enter, or press ? or * to list all spells.
Space momentarily warps into an impossible shape!
You hit the death yak.
The death yak looks as sick as possible!
Unknown command.
Unknown command.
Unknown command.
Casting: Manifold Assault (dangerous; 21% risk of failure)
Confirm with . or Enter, or press ? or * to list all spells.
Space momentarily warps into an impossible shape!
You barely miss the death yak.
Unknown command.
Unknown command.
You barely miss the death yak.
The death yak is almost dead.
You feel stable enough to blink again. You block the death yak's attack.
You hit the death yak but do no damage.
The death yak looks as sick as possible!
The death yak is almost dead.
The death yak gores you!!
* * * LOW HITPOINT WARNING * * *
Casting: Manifold Assault (dangerous; 21% risk of failure)
Confirm with . or Enter, or press ? or * to list all spells.
You blink.
The death yak gores you!
You die...

#......### #...#.#..
#........#####.#.#####
#......#.....'.#...#..
#......#######.#####.#
#......# ##.#.....#
#......# ##.#####.#
###..### ##.......#
###§#### ###'######
#...Y@.#### ###.......
#......†..############
#......##..##>..†...#.
#......###.##.#####.#.
#......# #.##.#...#...
#..[...# #..'.#.#.#.##
#......# ####...#.#.#.
#......# #.###.###.
#......# #.[.#.....


You could see a death yak (extremely poisoned).

Vanquished Creatures
  7 death yaks
  2 two-headed ogres
  Joseph (D:8)
  An unseen horror (D:7)
  2 hornets
  A troll (D:9)
  4 yaks (D:9)
  A wyvern (D:9)
  A steam dragon (D:8)
  Edmund (D:4)
  Menkaure (D:4)
  4 acid dragons
  2 water moccasins
  3 black bears
  2 orc warriors
  2 sky beasts (D:7)
  An ice beast (D:5)
  3 ogres
  4 centaurs
  3 kobold brigands
  2 bullfrogs (D:7)
  A scorpion (D:5)
  4 killer bees (D:9)
  4 howler monkeys
  Crazy Yiuf (D:4)
  4 orc priests
  A hound (D:5)
  2 sleepcaps
  A gnoll bouda (D:9)
  Jessica (D:2)
  4 iguanas
  2 mummies
  Robin (D:3)
  11 gnolls
  4 adders
  2 white imps
  A worm (D:3)
  2 dart slugs
  17 orcs
  5 ball pythons
  An endoplasm (D:2)
  3 giant cockroaches
  9 goblins
  5 hobgoblins
  4 jackals (D:2)
  3 quokkas
  5 bats
  3 frilled lizards
  3 hobgoblin zombies (D:4)
  20 kobolds
  A kobold zombie (D:4)
  2 rats (D:1)
175 creatures vanquished.

Notes
Turn   | Place    | Note
-------+----------+-------------------------------------------
     0 | D:1      | xSliceyx the Armataur Warper began the quest for the Orb.
     0 | D:1      | Reached XP level 1. HP: 18/18 MP: 3/3
   274 | D:1      | Reached XP level 2. HP: 25/25 MP: 5/5
   497 | D:1      | Learned a level 2 spell: Blink
   500 | D:1      | Learned a level 2 spell: Lesser Beckoning
  1041 | D:2      | Reached XP level 3. HP: 25/31 MP: 7/7
  1259 | D:2      | Identified the +4 mace of Destiny {venom, rElec rF+ SInv}
  1633 | D:2      | Noticed Jessica
  1637 | D:2      | Killed Jessica
  1638 | D:2      | Reached XP level 4. HP: 36/38 MP: 8/8
  1883 | D:2      | Learned a level 3 spell: Vhi's Electric Charge
  2151 | D:3      | Found a broken altar of Ashenzari.
  2152 | D:3      | Noticed Robin
  2262 | D:3      | Killed Robin
  2263 | D:3      | Reached XP level 5. HP: 16/43 MP: 8/10
  2371 | D:3      | Found a sparkling altar of Nemelex Xobeh.
  2371 | D:3      | Found an ornate altar of the Wu Jian Council.
  2691 | D:3      | Found a faded altar of an unknown god.
  2696 | D:3      | Learned a level 3 spell: Teleport Other
  2780 | D:4      | Reached skill level 1 in Shields
  2836 | D:4      | Noticed Edmund
  2843 | D:4      | Killed Edmund
  2844 | D:4      | Reached XP level 6. HP: 31/51 MP: 11/11
  2945 | D:4      | Noticed Menkaure
  2954 | D:4      | Killed Menkaure
  2967 | D:4      | Found Suass's Armour Boutique.
  3271 | D:4      | Found a runed translucent door.
  3272 | D:4      | Noticed Crazy Yiuf
  3369 | D:4      | Reached XP level 7. HP: 15/56 MP: 12/12
  3560 | D:4      | Reached skill level 5 in Shields
  3592 | D:4      | Identified the +2 ring mail of Happy Babbling {Dex+2}
  3807 | D:5      | Entered Level 5 of the Dungeon
  4108 | D:5      | Found a shimmering blue altar of Sif Muna.
  4117 | D:5      | Identified the +0 kite shield "Xaorghen" {rF+}
  4140 | D:5      | Noticed a two-headed ogre
  4665 | D:5      | Reached XP level 8. HP: 64/64 MP: 13/13
  4807 | D:6      | Reached skill level 5 in Maces & Flails
  4807 | D:6      | Reached skill level 5 in Translocations
  4998 | D:4      | Bought the +0 cloak "Plog" {rPois Will+} for 255 gold
                  | pieces
  5100 | D:4      | Killed Crazy Yiuf
  6015 | D:7      | Found a staircase to the Ecumenical Temple.
  6276 | D:8      | Reached XP level 9. HP: 71/71 MP: 14/14
  6340 | D:8      | Found a blossoming altar of Fedhas.
  6350 | D:8      | Noticed Joseph
  6362 | D:8      | Killed Joseph
  6631 | D:8      | You fall into a shaft and drop 3 floors!
  6632 | D:11     | Noticed a gargoyle
  6637 | D:10     | Entered Level 10 of the Dungeon
  6645 | D:11     | Noticed a cyclops
  6664 | D:10     | Noticed a two-headed ogre
  6676 | D:10     | Killed a two-headed ogre
  6821 | D:10     | Noticed a gargoyle
  7079 | D:9      | Found a glowing golden altar of the Shining One.
  7087 | D:9      | Found a staircase to the Orcish Mines.
  7097 | D:9      | Reached XP level 10. HP: 70/83 MP: 16/16
  7121 | D:9      | Noticed a two-headed ogre
  7146 | D:9      | Killed a two-headed ogre
  7147 | D:9      | Reached skill level 5 in Fighting
  7225 | Temple   | Entered the Ecumenical Temple
  7239 | Temple   | Became a worshipper of Warmaster Okawaru
  7435 | D:7      | Learned a level 4 spell: Manifold Assault
  7467 | D:7      | Reached * piety under Okawaru
  7624 | D:7      | Found a snail-covered altar of Cheibriados.
  7734 | D:7      | Found a faded altar of an unknown god.
  7735 | D:7      | Found a hazy altar of Hepliaklqana.
  8142 | D:9      | Paralysed by a hornet for 3 turns
  8225 | D:9      | Noticed a death yak
  8274 | D:9      | Killed a death yak
  8275 | D:9      | Reached skill level 5 in Spellcasting
  8501 | D:9      | Found a radiant altar of Vehumet.
  8501 | D:9      | Found a shadowy altar of Dithmenos.
  8501 | D:9      | Found an opulent altar of Gozag.
  8624 | D:9      | Reached ** piety under Okawaru
  8681 | D:9      | Noticed a death yak
  8719 | D:9      | Killed a death yak
  8720 | D:9      | Reached skill level 1 in Invocations
  8720 | D:9      | Reached XP level 11. HP: 98/98 MP: 14/18
  8720 | D:9      | Noticed a death yak
  8720 | D:9      | Noticed a death yak
  8720 | D:9      | Noticed a death yak
  8724 | D:9      | Noticed a death yak
  8725 | D:9      | Noticed a death yak
  8789 | D:9      | Noticed a death yak
  8854 | D:8      | Killed a death yak
  9066 | D:9      | Killed a death yak
  9066 | D:9      | Reached *** piety under Okawaru
  9151 | D:9      | Found a staircase to the Lair.
  9254 | D:9      | Killed a death yak
  9285 | D:9      | Killed a death yak
  9355 | D:9      | Killed a death yak
  9372 | D:9      | Slain by a death yak

Illustrated notes

Levels and vault maps discovered:
D:1:      zelgadis_glass_arrival_small, layout_basic, minmay_shallow_snake_nest
D:2:      layout_basic, serial_curves, eino_curves_02, eino_curves_02,
          chequers_serial_rivers_micro_c, grunt_ministairs_14, uniq_jessica
D:3:      layout_basic, nicolae_ashenzari_panopticon,
          grunt_temple_overflow_open, hellmonk_ecumenical_altar_leap_of_faith,
          uniq_robin
D:4:      nicolae_cairo_tiling_large, layout_loops_ring, serial_shops, shop,
          minmay_mini_ossuary, uniq_menkaure, uniq_crazy_yiuf_cottage,
          uniq_edmund
D:5:      layout_loops_ring, lemuel_round_altar
D:6:      layout_rooms
D:7:      layout_basic, chei_slow_surprise, beargit_hepliaklqana_dungeon_heroes,
          minmay_temple_entry_from_below_a
D:8:      layout_cave_pools, fedhas_ov_isle_minmay, uniq_joseph
D:9:      layout_roguey, tso_metal_star, gammafunk_temple_overflow_claw,
          dpeg_lair_monsters, orc_0_dummy
D:10:     layout_basic
D:11:     layout_loops_corners
Temple:   jpeg_temple_clearing

Skill      XL: |  1  2  3  4  5  6  7  8  9 10 11 |
---------------+----------------------------------+-----
Spellcasting   | 2 3 4 5 |  5.4
Translocations | 4 5 6 8 |  8.0
Maces & Flails | 2 3 4 8 9 |  9.0
Shields        | 2 4 5 8 9 |  9.0
Armour         | 3 4 |  4.0
Fighting       | 4 7 |  7.0
Air Magic      | 2 |  2.0
Invocations    | 1 3 |  3.0
Throwing       | |  0.8
Dodging        | |  1.3

Action                     |  1- 3 |  4- 6 |  7- 9 | 10-12 || total
---------------------------+-------+-------+-------+-------++-------
  Melee: Mace              |    80 |   119 |   217 |   234 ||   650
         Tailslap          |     7 |    12 |    31 |    50 ||   100
         Punch             |     1 |     2 |       |       ||     3
  Throw: Boomerang         |       |     6 |       |       ||     6
         Dart              |       |     1 |    13 |     6 ||    20
   Cast: Teleport Other    |       |       |     9 |       ||     9
         Blink             |       |       |     3 |     7 ||    10
         Manifold Assault  |       |       |       |    11 ||    11
         Vhi's Electric Ch |       |       |       |     2 ||     2
 Invoke: Heroism           |       |       |       |     1 ||     1
  Evoke: Wand              |       |       |    12 |     2 ||    14
    Use: Scroll            |       |       |     9 |     4 ||    13
         Potion            |       |       |     1 |       ||     1
   Stab: Paralysed         |       |       |    16 |       ||    16
 Armour: Leather armour    |    27 |    38 |     1 |       ||    66
         Ring mail         |       |       |    72 |    55 ||   127
  Dodge: Dodged            |    66 |    91 |   141 |    72 ||   370
  Block: Buckler           |       |       |    41 |       ||    41
         Kite shield       |       |       |     9 |   102 ||   111

Table legend: (Time is in decaauts)
 A = Elapsed time spent in this place.
 B = Non-inter-level travel time spent in this place.
 C = Inter-level travel time spent in this place.
 D = Time resting spent in this place.
 E = Time spent auto-exploring this place.
 F = Levels seen in this place.
 G = Mean time per level.
                   A        B        C        D        E       F      G
               +--------+--------+--------+--------+--------+-----+--------+
         Total |   9485 |   7912 |   1573 |   1104 |   3895 |  12 |  790.4 |
       Dungeon |   9457 |   7910 |   1547 |   1104 |   3895 |  11 |  859.7 |
        Temple |     28 |      2 |     26 |      0 |      0 |   1 |   28.0 |
               +--------+--------+--------+--------+--------+-----+--------+

Top non-repeatable levels by time:
     D:4: 1618 daAuts
     D:9: 1479 daAuts
     D:2: 995 daAuts
     D:5: 959 daAuts
     D:1: 921 daAuts
     D:7: 907 daAuts
     D:3: 831 daAuts
     D:8: 769 daAuts
     D:6: 611 daAuts
    D:10: 353 daAuts
  Temple: 28 daAuts
    D:11: 9 daAuts
